 Dungeon Crawl Stone Soup version 0.13-a0-3016-gcb2faac (webtiles) character file.

38 4tharraofdagon the Insei (level 2, 1/20 HPs)
             Began as a Djinni Monk on Sept 10, 2013.
             Was a Believer of Makhleb.
             Quit the game on Level 5 of the Dungeon.
             The game lasted 00:03:14 (635 turns).

4tharraofdagon the Insei (Djinni Monk)               Turns: 635, Time: 00:03:14

HP   1/20        AC  5     Str 11      XL: 2   Next: 55%
MP   0/0         EV  9     Int 10      God: Makhleb [**....]
Gold 19          SH  0     Dex 15      Spells:  0 memorised,  2 levels left

Res.Fire  : + + +   See Invis. : .   i - +0 rod of destruction (0/13)
Res.Cold  : x . .   Warding    : .   c - +0 orc ring mail
Life Prot.: + + +   Conserve   : .   (no shield)
Res.Poison: .       Res.Corr.  : .   (no helmet)
Res.Elec. : .       Clarity    : .   (no cloak)
Sust.Abil.: . .     Spirit.Shd : .   (no gloves)
Res.Mut.  : .       Stasis     : .   (boots unavailable)
Res.Rott. : .       Flight     : .   (no amulet)
Saprovore : . . .                    (no ring)
                                     (no ring)

@: very slightly contaminated, not resistant to hostile enchantments, very
unstealthy
A: fire immunity, cold vulnerability, life protection 3
a: Minor Destruction, Renounce Religion


You were on level 5 of the Dungeon.
You worshipped Makhleb.
Makhleb was most pleased with you.
You were not hungry.

You visited 2 branches of the dungeon, and saw 6 of its levels.

You collected 19 gold pieces.

Inventory:

Armour
 a - a +0 robe
 c - a +0 orcish ring mail (worn)
 f - a +0 plate armour
Scrolls
 b - a scroll of teleportation {unknown}
 d - 3 scrolls of fog {unknown}
 h - a scroll of random uselessness
Rods
 i - a +0 rod of destruction (0/13) (weapon)
   (You found it on level 4 of the Dungeon)


   Skills:
 + Level 3.0 Fighting
 - Level 2.6 Dodging
 - Level 1.5 Stealth
 * Level 3.9 Unarmed Combat
 - Level 0.7 Spellcasting
 + Level 0.2 Invocations


You had 2 spell levels left.
You didn't know any spells.

Dungeon Overview and Level Annotations

Branches:
Dungeon (5/27)             Temple (1/1) D:4

Altars:
Cheibriados
Makhleb
Okawaru
Trog
Xom

Annotations:
D:3 4tharraofdagon's ghost, average DjWn
D:4 Eustachio
D:5 Dowan; Duvessa


Innate Abilities, Weirdness & Mutations

You are immune to all types of fire, even holy and hellish.
You are vulnerable to cold.
You need no food.
You have no legs.
You are immune to negative energy.


Message History

Duvessa hits you with an elven short sword.
* * * LOW HITPOINT WARNING * * *
Duvessa hits you but does no damage.
You aren't carrying any potions.
You aren't carrying any potions.
Wield which item (- for none, * to show all)? (? for menu, Esc to quit)
i - a +0 rod of destruction (6/13) (weapon)
Evoke which spell from the rod ([a-c] spell [?*] list)?
Okay, then.
Evoke which spell from the rod ([a-c] spell [?*] list)?
Aiming: Iron Shot
Press: ? - help, Shift-Dir - straight line, f - Duvessa
Aim: Duvessa, wielding an elven short sword (moving very quickly)
The iron shot hits Duvessa.
Duvessa is heavily wounded.
Duvessa barely misses you.
Duvessa hits you with an elven short sword.
* * * LOW HITPOINT WARNING * * *
You aren't carrying any potions.
Are you sure you want to abandon this character and quit the game? (Confirm with "yes".)

#.# #######.#
#.# #a# #.#
#.# #.# #o#
#.# #J# . #.#
#.#
..#########o#
........@ebJ#
..###########


You could see Duvessa, a jelly, an orc and a bat.

Vanquished Creatures
  A worm (D:4)
  6 bats
  3 goblins
  3 kobolds (D:1)
  2 rats
15 creatures vanquished.

Notes
Turn   | Place    | Note
--------------------------------------------------------------
     0 | D:1      | 4tharraofdagon, the Djinni Monk, began the quest for the Orb.
     0 | D:1      | Reached XP level 1. HP: 14/14 MP: 0/0
   307 | D:1      | Reached XP level 2. EP: 20/20
   387 | D:3      | Noticed 4tharraofdagon's ghost (average DjWn)
   400 | D:4      | Found a staircase to the Ecumenical Temple.
   410 | Temple   | Entered the Ecumenical Temple
   415 | Temple   | Became a worshipper of Makhleb the Destroyer
   415 | Temple   | Acquired Makhleb's first power
   415 | Temple   | Acquired Makhleb's second power
   477 | D:4      | Identified a +0 rod of destruction (13/13) (You found it on level 4 of the Dungeon)
   486 | D:4      | Found a burning altar of Makhleb.
   567 | D:4      | Noticed Eustachio
   581 | D:5      | Entered Level 5 of the Dungeon
   612 | D:5      | Noticed Duvessa
   613 | D:5      | Noticed Dowan
   634 | D:5      | HP: 1/20 [Duvessa/elven short sword (1)]
   635 | D:5      | Quit the game

Action                   || total
-------------------------++-------
Melee: Unarmed           ||    53
Evoke: Rod               ||     3
  Use: Scroll            ||     3
